 Dungeon Crawl Stone Soup version 0.16.2-12-gd0ad4c3 (webtiles) character file.

378964 Peloso the Minotaur Blade (level 21, -8/200 HPs)
             Began as a Minotaur Fighter on Oct 15, 2015.
             Was a High Priest of Okawaru.
             Mangled by the royal jelly (31 damage)
             ... on level 6 of the Pits of Slime on Oct 16, 2015.
             The game lasted 04:45:27 (58612 turns).

Peloso the Minotaur Blade (Minotaur Fighter)       Turns: 58612, Time: 04:45:27

Health: -8/200     AC: 26    Str: 40    XL:     21   Next: 51%
Magic:  9/14       EV: 19    Int:  2    God:    Okawaru [*****.]
Gold:   3897       SH: 21    Dex: 14    Spells: 0 memorised, 20 levels left

rFire  + + .     SeeInvis +     N - +9 double sword (elec)
rCold  . . .     Clarity  .     a - +10 plate armour of Dim Light {rCorr Str+3 Int-2}
rNeg   + . .     SustAb   +     x - +0 shield {AC+3}
rPois  .         Gourm    .     W - +1 hat {rF+}
rElec  +         Spirit   .     m - +1 cloak of the Four Places {+Blink Str+6 Int-2 SInv}
rCorr  +         Warding  .     X - +2 pair of gloves {rF+}
rMut   +         Stasis   .     w - +2 pair of boots {Fly}
MR     +....                    b - amulet of resist mutation
Stlth  ..........               R - ring of Focaej {rElec rN+ EV+1 Str+2}
                                Z - ring of the Octopus King {SustAb AC+1 EV+1 Str+1 Int+1 Dex+1}

@: heroism, finesse, corroded equipment, flying, somewhat resistant to hostile
enchantments, extremely unstealthy
A: retaliatory headbutt, horns 2, regeneration 1
a: Heroism, Finesse, Renounce Religion, Evoke Blink, Stop Flying
}: 3/15 runes: decaying, abyssal, gossamer


You were on level 6 of the Pits of Slime.
You worshipped Okawaru.
Okawaru was extremely pleased with you.
You were not hungry.

You visited 8 branches of the dungeon, and saw 47 of its levels.
You visited the Abyss 1 time.
You visited 1 bazaar.
You also visited: Trove, Ossuary, Ice Cave, Volcano and Wizlab.

You collected 6038 gold pieces.
You spent 2141 gold pieces at shops.

Inventory:

Hand weapons
 r - the +9 Sword of Zonguldrok {reap, Curse}
   (You found it in a wizard's laboratory)

   If a monster killed with it leaves a corpse in good enough shape, the corpse
   will be animated as a zombie friendly to the killer.
   It may re-curse itself when equipped.
 y - the +11 scimitar "Threpp Smept" {slice, *Rage rN+ Str+3 Dex+2}
   (Okawaru gifted it to you on level 1 of the Elven Halls)

   It inflicts extra damage upon your enemies.
   It affects your strength (+3).
   It affects your dexterity (+2).
   It protects you from negative energy.
   It may make you go berserk in combat.
 N - a +9 double sword of electrocution (weapon)
 T - the +3 falchion of Cuggap {holy, Noisy rElec Str+3}
   (You found it in a treasure trove)

   It has been blessed by the Shining One to cause great damage to the undead
   and demons.
   It affects your strength (+3).
   It insulates you from electricity.
   It may make noises in combat.
 V - the +5 falchion of Focus {flame, -Tele rF+ rC+ Str+7 Dex+3}
   (You found it on level 4 of the Spider Nest)

   It has been specially enchanted to burn those struck by it, causing extra
   injury to most foes and up to half again as much damage against particularly
   susceptible opponents.
   Big, fiery blades are also staple armaments of hydra-hunters.
   It affects your strength (+7).
   It affects your dexterity (+3).
   It protects you from fire.
   It protects you from cold.
   It prevents most forms of teleportation.
Armour
 a - the +10 plate armour of Dim Light (worn) {rCorr Str+3 Int-2}
   (You took it off a deep elf blademaster on level 3 of the Elven Halls)

   It affects your strength (+3).
   It affects your intelligence (-2).
   It protects you from acid and corrosion.
 m - the +1 cloak of the Four Places (worn) {+Blink Str+6 Int-2 SInv}
   (Okawaru gifted it to you in an ice cave)

   It affects your strength (+6).
   It affects your intelligence (-2).
   It enhances your eyesight.
   It lets you blink.
 w - a +2 pair of boots of flying (worn)
 x - a +0 shield of protection (worn)
 W - a +1 hat of fire resistance (worn)
 X - a +2 pair of gloves of fire resistance (worn)
Jewellery
 b - an amulet of resist mutation (around neck)
 v - an uncursed ring of poison resistance
 z - an uncursed amulet of faith
 D - an uncursed ring of protection from magic
 H - an uncursed ring of protection from magic
 R - the ring of Focaej (right hand) {rElec rN+ EV+1 Str+2}
   (You bought it in a shop on level 4 of the Orcish Mines)

   [ring of evasion]

   It affects your evasion (+1).
   It affects your strength (+2).
   It insulates you from electricity.
   It protects you from negative energy.
 Z - a ring of the Octopus King (left hand) {SustAb AC+1 EV+1 Str+1 Int+1 Dex+1}
   (You found it in a treasure trove)

   [ring of sustain abilities]

   It sustains your strength, intelligence and dexterity.
   It affects your AC (+1).
   It affects your evasion (+1).
   It affects your strength (+1).
   It affects your intelligence (+1).
   It affects your dexterity (+1).
Magical devices
 j - a wand of heal wounds (6)
 n - a wand of teleportation (5)
Scrolls
 f - a scroll of blinking
 o - 7 scrolls of fear
 q - 3 scrolls of enchant weapon
 u - 7 scrolls of remove curse
 B - 4 scrolls of identify
 E - 2 scrolls of fog
 M - 5 scrolls of magic mapping
 O - 3 scrolls of recharging
 S - 9 scrolls of teleportation
Potions
 e - 8 potions of agility
 g - 2 potions of might
 h - 2 potions of heal wounds
 p - 6 potions of resistance
 t - 2 potions of berserk rage
 A - 3 potions of invisibility
 I - 9 potions of restore abilities
 K - 3 potions of haste
 P - a potion of curing
Comestibles
 d - 25 bread rations
 k - 12 meat rations


   Skills:
 + Level 19.8(24.8) Fighting
 + Level 24.6(27) Long Blades
 + Level 17.8(22.8) Armour
 + Level 8.8(13.8) Dodging
 + Level 2.9(7.9) Stealth
 + Level 23.3(27) Shields
 + Level 2.0 Invocations
 + Level 1.3 Evocations


You had 20 spell levels left.
You didn't know any spells.

Dungeon Overview and Level Annotations

Branches:
Dungeon (15/15)            Temple (1/1) D:6            Lair (8/8) D:11
  Swamp (5/5) Lair:6       Spider (5/5) Lair:3        Slime (6/6) Lair:6
    Orc (4/4) D:11            Elf (3/3) Orc:4        Vaults (0/5) D:13
 Depths (0/5) D:15

Altars:
Ashenzari
Cheibriados
Dithmenos
Elyvilon
Fedhas
Gozag
Kikubaaqudgha
Makhleb
Nemelex Xobeh
Okawaru
Qazlal
Ru
Sif Muna
Trog
Vehumet
Xom
Yredelemnul
Zin
The Shining One
Beogh
Jiyva

Shops:
D:4 =   D:9 }   D:15 ?   Orc:2 [(=:*   Orc:4 :=[([   Elf:1 ([[

Portals:
Hell: Lair:8

Annotations:
Slime:6 Royal Jelly


Innate Abilities, Weirdness & Mutations

You reflexively headbutt those who attack you in melee.
You have a pair of horns on your head.
Your natural rate of healing is unusually fast.


Message History

The royal jelly shudders.
The royal jelly spits out another jelly.
The acid blob completely misses you. You furiously retaliate!
You headbutt the acid blob!
You open the death ooze like a pillowcase!!!
There is a sudden explosion of sparks!
You destroy the death ooze!
That felt strangely unrewarding.
The royal jelly hits you!!
* * * LOW HITPOINT WARNING * * *
You are splashed with acid!
The acid corrodes your equipment!
The acid burns!
You resist.
* * * LOW HITPOINT WARNING * * *
The royal jelly hits you.
* * * LOW HITPOINT WARNING * * *
You are splashed with acid!
The acid burns!
You resist.
* * * LOW HITPOINT WARNING * * *
You block the azure jelly's attack. x3
The azure jelly hits you but does no damage.
The royal jelly hits you!!
You die...

..### #..# ##..................
.## #.## ##................. .#
#..# ##...............J ## ##.#
##..............J # #..#
##.............J # #.##
##............JJ
########..########.............J.
..#...#._..#..J#JJJ..............
#...#........#.J@##..............
########..########............GJ.
# #.## ##............J. #..#
............... ## ##.#
###.............. .# #..#
#..........J..... .## #.##
##................ ..### #..#
##................#
....#####.#####..................


You could see the royal jelly, 2 acid blobs, an azure jelly and a death ooze.

Vanquished Creatures
  Dissolution (Slime:2)
  An ancient lich (WizLab)
  the Lernaean hydra (Swamp:5)
  3 bone dragons
  A profane servitor (Abyss:1)
  Nikola (Spider:5)
  A lich (Abyss:1)
  2 deep elf blademasters (Elf:3)
  2 deep elf master archers (Elf:3)
  26 acid blobs
  8 tentacled starspawn
  An ancient champion (WizLab)
  The ghost of nivlat the Black Belt, a mighty OpMo (Swamp:1)
  Rupert (Lair:6)
  Agnes (Swamp:3)
  18 azure jellies
  A thorn hunter (Swamp:5)
  Donald (Swamp:3)
  Aizul (Swamp:3)
  A frost giant (IceCv)
  6 deep elf sorcerers
  7 emperor scorpions
  3 ghost moths (Spider:5)
  Jorgrun (Elf:2)
  An angel (Abyss:1)
  A very ugly thing (Swamp:3)
  5 deep elf demonologists (Elf:3)
  An ophan (Abyss:4)
  A mottled draconian (Abyss:1)
  8 deep elf annihilators
  A yellow draconian (Abyss:1)
  A dire elephant (Lair:8)
  7 deep elf death magi
  Snorg (Lair:4)
  5 deep elf high priests
  A hell beast (Lair:8)
  11 death oozes
  A fire dragon (D:15)
  6 great orbs of eyes
  The ghost of Peloso the Blocker, a powerful MiFi of Okawaru (D:11)
  27 hydras
  2 rakshasas
  An ice dragon (D:15)
  A naga warrior (Abyss:2)
  Nessos (D:14)
  An alligator (Swamp:1)
  2 ghost crabs (Swamp:3)
  7 centaur warriors
  Erica (Lair:8)
  16 dancing weapons (Elf:2)
  4 death yaks (Lair:8)
  A death knight (Abyss:1)
  The ghost of HANFGEIST the Nimble, a powerful SpAE of Nemelex Xobeh (Volcano)
  13 thrashing horrors
  2 tengu warriors
  3 orc high priests
  A sun demon (Abyss:1)
  Nergalle (Lair:1)
  12 skeletal warriors
  A wretched star (Abyss:1)
  2 spatial maelstroms
  21 deep elf knights
  A giant orange brain (Slime:6)
  A fire crab (shapeshifter) (D:15)
  An ice devil (Abyss:2)
  The ghost of Musteatbrain the Cleaver, an experienced DsCK of Xom (D:8)
  2 unseen horrors
  A spriggan druid (Swamp:4)
  7 deep elf summoners
  2 shadow demons (Abyss:4)
  13 swamp dragons
  An ice statue (IceCv)
  11 large abominations
  Pikel (D:5)
  8 hill giants
  A wizard (Lair:8)
  A shambling mangrove (Swamp:4)
  7 orc knights
  19 deep elf conjurers
  8 ugly things
  3 orc sorcerers (Orc:4)
  2 manticores (D:13)
  An iron dragon zombie (Abyss:4)
  2 worldbinders
  108 slime creatures
  22 orb spiders
  An oklob plant (Lair:3)
  22 wolf spiders
  2 salamanders (Abyss:2)
  9 hornets
  A griffon (Lair:3)
  A moth of wrath (Spider:2)
  12 elephants
  4 elf zombies
  2 cyclopes
  7 shining eyes
  A guardian serpent (Abyss:2)
  Joseph (Lair:1)
  A stone giant skeleton (Abyss:1)
  2 apocalypse crabs (Abyss:1)
  A rust devil (Abyss:4)
  7 eyes of devastation
  6 black mambas
  A queen ant (Lair:6)
  6 komodo dragons
  7 small abominations
  20 spiny frogs
  2 smoke demons (Abyss:1)
  6 orange demons
  A torpor snail (Spider:2)
  A yellow draconian zombie (Abyss:1)
  3 gargoyles
  A kobold demonologist (D:13)
  6 centaur skeletons
  A guardian mummy (D:11)
  3 yaktaurs (D:13)
  An efreet (D:13)
  17 demonic crawlers
  A hellwing (Lair:8)
  12 fire drakes
  4 red devils
  4 trolls
  17 deep elf priests
  An ancient zyme (Abyss:2)
  A tengu conjurer (Swamp:5)
  2 two-headed ogres
  25 jumping spiders
  A blue devil (Lair:8)
  17 polar bears
  9 giant leeches
  A harpy zombie (D:15)
  11 blink frogs
  Grinder (D:4)
  5 bog bodies
  9 ravens
  A basilisk (Lair:5)
  2 boulder beetles
  7 raiju
  7 shadows
  19 tarantellas
  22 deep elf magi
  2 water elementals (Abyss:4)
  4 vampires (WizLab)
  3 ynoxinuls
  31 redbacks
  4 hungry ghosts
  13 trapdoor spiders
  4 spriggans
  A yak (shapeshifter) (D:13)
  56 yaks
  Eustachio (D:5)
  4 hill giant zombies (WizLab)
  2 steam dragons
  4 chaos spawn
  2 wraiths
  6 golden eyes
  A warg (Orc:1)
  26 deep elf fighters
  6 hippogriffs
  2 wyverns
  2 spatial vortices (Abyss:2)
  28 wolves
  3 neqoxecs
  A naga (Abyss:2)
  26 vampire mosquitoes
  9 insubstantial wisps
  19 swamp worms
  A merfolk skeleton (Abyss:1)
  20 soldier ants (Lair:6)
  2 sky beasts
  32 spiders
  12 swamp drakes
  21 water moccasins
  29 orc warriors
  4 wasps
  5 porcupines
  2 slaves (D:5)
  4 hell hounds
  10 eyes of draining
  A swamp dragon zombie (Abyss:1)
  4 boring beetles
  7 ice beasts
  11 ogres
  4 phantoms
  13 crocodiles
  A necrophage (D:11)
  23 centaurs
  A brain worm (D:15)
  Blork the orc (D:4)
  27 giant frogs
  8 big kobolds
  A gnoll sergeant (D:7)
  5 water moccasin zombies (Ossuary)
  2 earth elementals (Abyss:4)
  A wyvern skeleton (D:13)
  22 killer bees
  12 scorpions
  2 yak skeletons (Orc:4)
  2 elf skeletons (Elf:3)
  5 troll zombies (WizLab)
  A snapping turtle simulacrum (Abyss:1)
  4 electric eels
  5 crimson imps
  20 wights
  58 jellies
  3 goliath beetles
  5 quasits
  An iron imp (Abyss:1)
  22 starcursed masses
  4 giant frog zombies
  20 orc priests
  11 hounds
  3 giant frog skeletons
  2 hell rats (Elf:1)
  33 orc wizards
  A killer bee zombie (D:9)
  A spectral swamp drake (Swamp:3)
  32 worker ants
  6 iguanas
  Ijyb (D:4)
  2 naga zombies (Abyss:2)
  7 ogre zombies (WizLab)
  2 mummies (Ossuary)
  2 worker ant zombies
  33 adders
  9 gnolls
  80 river rats
  7 shadow imps
  4 ufetubi
  4 worms
  7 adder zombies
  3 adder skeletons
  6 giant geckos
  An ooze (D:1)
  152 orcs
  17 bats
  A bat skeleton (D:6)
  2 bat zombies
  27 goblins
  14 hobgoblins
  13 quokkas
  5 giant cockroaches
  12 giant newts
  A giant spore (D:10)
  4 gnoll zombies (Ossuary)
  10 hobgoblin zombies (Ossuary)
  17 jackals
  A jackal zombie (D:6)
  30 kobolds
  3 kobold zombies (Ossuary)
  5 orc zombies
  A quokka skeleton (D:8)
  16 rats
  7 rat skeletons (Orc:4)
  9 ballistomycetes
  A briar patch (Swamp:5)
  A crawling corpse (Elf:3)
  3 fungi
  4 plants
  2 starspawn tentacles
2135 creatures vanquished.

Vanquished Creatures (collateral kills)
  A yak (shapeshifter) (Abyss:2)
  A naga (Abyss:2)
  A wight (Abyss:2)
  A small abomination (Abyss:1)
  An elf zombie (Elf:3)
  A naga zombie (Abyss:2)
  2 orcs
8 creatures vanquished.

Vanquished Creatures (others)
  A deep elf high priest (Elf:3)
  An orc high priest (Orc:4)
  A fire drake (Lair:5)
  A jumping spider (Spider:1)
  A guardian serpent zombie (Abyss:2)
  A hog (Volcano)
  9 elf zombies
  2 deep elf fighters
  A human zombie (Abyss:1)
  3 lost souls (Elf:3)
  A centaur (Volcano)
  A hell hound zombie (Abyss:4)
  A jelly (Slime:5)
  A hell rat (Elf:2)
  An adder (D:5)
  An orc (D:5)
  A giant gecko (D:5)
  3 giant spores
  A lurking horror (Abyss:4)
  4 rat skeletons (Orc:4)
  A ballistomycete (D:12)
  6 fungi
  5 plants
  13 starspawn tentacles
  152 starspawn tentacle segments
213 creatures vanquished.

Grand Total: 2356 creatures vanquished

Notes
Turn   | Place    | Note
--------------------------------------------------------------
     0 | D:1      | Peloso, the Minotaur Fighter, began the quest for the Orb.
     0 | D:1      | Reached XP level 1. HP: 19/19 MP: 1/1
     3 | D:1      | Noticed an electric eel
     3 | D:1      | Noticed an electric eel
    79 | D:1      | Reached XP level 2. HP: 9/27 MP: 1/1
   284 | D:1      | Reached skill level 4 in Armour
   499 | D:1      | Reached XP level 3. HP: 33/33 MP: 2/2
   780 | D:2      | Found a basalt altar of Yredelemnul.
   793 | D:2      | Reached skill level 1 in Dodging
   900 | D:2      | Reached XP level 4. HP: 31/40 MP: 2/2
  1144 | D:2      | Found an iron altar of Okawaru.
  1178 | D:2      | Became a worshipper of Warmaster Okawaru
  1504 | D:3      | Found an opulent altar of Gozag.
  1568 | D:3      | Reached skill level 5 in Shields
  1568 | D:3      | Reached XP level 5. HP: 11/46 MP: 2/2
  1598 | D:3      | HP: 2/46 [poisoned by an adder]
  1943 | D:3      | Found a shattered altar of Ashenzari.
  2058 | D:3      | Noticed a phantom
  2101 | D:3      | Killed a phantom
  2101 | D:3      | Reached skill level 5 in Armour
  2512 | D:4      | Reached XP level 6. HP: 45/53 MP: 3/3
  2667 | D:4      | Noticed a phantom
  2702 | D:4      | Killed a phantom
  2702 | D:4      | Acquired Okawaru's first power
  2702 | D:4      | Reached skill level 5 in Fighting
  2764 | D:4      | Reached skill level 6 in Shields
  2787 | D:4      | Found Mnaff's Jewellery Shoppe.
  3004 | D:4      | Got a warped hand axe
  3005 | D:4      | Identified the +1 hand axe "Efeawuor" {chop, Int+9} (You found it on level 4 of the Dungeon)
  3045 | D:4      | Reached XP level 7. HP: 38/61 MP: 3/3
  3281 | D:4      | Noticed Ijyb
  3301 | D:4      | Killed Ijyb
  3340 | D:4      | Noticed Grinder
  3344 | D:4      | Paralysed by Grinder for 4 turns
  3366 | D:4      | Killed Grinder
  3454 | D:4      | Noticed Blork the orc
  3468 | D:4      | Killed Blork the orc
  3616 | D:5      | Entered Level 5 of the Dungeon
  3617 | D:5      | Found a bloodstained altar of Trog.
  3800 | D:5      | Reached skill level 5 in Long Blades
  3829 | D:5      | Reached XP level 8. HP: 46/70 MP: 3/3
  3855 | D:5      | Reached skill level 7 in Shields
  3963 | D:5      | Found a burning altar of Makhleb.
  4011 | D:5      | Found a stormy altar of Qazlal.
  4012 | D:5      | Found a deep blue altar of Sif Muna.
  4034 | D:5      | Noticed Pikel
  4048 | D:5      | Killed Pikel
  4048 | D:5      | Reached skill level 8 in Shields
  4128 | D:5      | Found a sand-covered staircase.
  4135 | Ossuary  | Entered an ossuary
  4395 | Ossuary  | Reached XP level 9. HP: 72/78 MP: 4/4
  4670 | D:5      | Noticed Eustachio
  4685 | D:5      | Killed Eustachio
  4685 | D:5      | Acquired Okawaru's second power
  4716 | D:5      | Reached skill level 9 in Shields
  5945 | D:6      | Found a staircase to the Ecumenical Temple.
  5955 | Temple   | Entered the Ecumenical Temple
  6371 | D:7      | Found a radiant altar of Vehumet.
  7262 | D:8      | Received a gift from Okawaru
  7364 | D:8      | Reached skill level 10 in Shields
  7404 | D:8      | Noticed Musteatbrain's ghost (experienced DsCK)
  7412 | D:8      | Reached XP level 10. HP: 23/88 MP: 4/4
  7711 | D:8      | Killed Musteatbrain's ghost
  7711 | D:8      | Reached skill level 1 in Stealth
  7839 | D:8      | Reached skill level 10 in Armour
  8612 | D:8      | HP: 4/88 [killer bee (5)]
  8614 | D:8      | HP: 1/88 [killer bee (7)]
  8623 | D:8      | Received a gift from Okawaru
  8991 | D:8      | Found a glowing silver altar of Zin.
  9267 | D:9      | Reached skill level 11 in Shields
  9352 | D:9      | Reached skill level 1 in Invocations
  9693 | D:9      | Found a glowing golden altar of the Shining One.
  9747 | D:9      | Found Afeis' Gadget Shop.
  9908 | D:9      | Found an ancient bone altar of Kikubaaqudgha.
  9909 | D:9      | Found a blossoming altar of Fedhas.
 10057 | D:10     | Entered Level 10 of the Dungeon
 10146 | D:10     | Reached XP level 11. HP: 84/97 MP: 6/6
 10208 | D:10     | Received a gift from Okawaru
 10211 | D:10     | Got an iridescent long sword {god gift}
 10212 | D:10     | Identified the +8 long sword of Goenito {venom, +Blink rF+ Dex-2} (Okawaru gifted it to you on level 10 of the Dungeon)
 10383 | D:10     | Noticed a hill giant
 10390 | D:10     | Killed a hill giant
 10432 | D:10     | Reached skill level 10 in Long Blades
 10599 | D:10     | Reached skill level 12 in Shields
 10647 | D:10     | Received a gift from Okawaru
 11376 | D:11     | Noticed a centaur warrior
 11385 | D:11     | Killed a centaur warrior
 11385 | D:11     | Reached skill level 10 in Fighting
 11411 | D:11     | Found a portal to a secret trove of treasure.
 11841 | D:11     | Found a staircase to the Orcish Mines.
 11850 | D:11     | Found a roughly hewn altar of Beogh.
 11902 | D:11     | Received a gift from Okawaru
 12108 | D:11     | Noticed a hill giant
 12115 | D:11     | Killed a hill giant
 12135 | D:11     | Noticed Peloso's ghost (powerful MiFi)
 12172 | D:11     | Killed Peloso's ghost
 12422 | D:11     | Found a staircase to the Lair.
 12445 | Lair:1   | Entered Level 1 of the Lair of Beasts
 12507 | Lair:1   | Reached XP level 12. HP: 92/107 MP: 7/7
 12545 | Lair:1   | Found a dark tunnel.
 12556 | Volcano  | Entered a volcano
 12596 | Volcano  | Noticed HANFGEIST's ghost (powerful SpAE)
 12652 | Volcano  | Killed HANFGEIST's ghost
 12663 | Volcano  | Reached skill level 13 in Shields
 13368 | Lair:1   | Noticed Nergalle
 13380 | Lair:1   | Killed Nergalle
 13578 | Lair:1   | Noticed Joseph
 13594 | Lair:1   | Killed Joseph
 13716 | Lair:1   | You fall through a shaft!
 13825 | Lair:2   | Found a shimmering altar of Xom.
 14330 | Lair:2   | Reached skill level 5 in Dodging
 14356 | Lair:2   | Received a gift from Okawaru
 14850 | Lair:3   | Reached skill level 14 in Shields
 14922 | Lair:3   | Noticed an eight-headed hydra
 14932 | Lair:3   | Killed a three-headed hydra
 14959 | Lair:3   | Received a gift from Okawaru
 15369 | Lair:3   | Found a hole to the Spider Nest.
 15428 | Lair:3   | Noticed an eight-headed hydra
 15434 | Lair:3   | Killed a four-headed hydra
 16139 | Lair:4   | Noticed Snorg
 16152 | Lair:4   | Killed Snorg
 16152 | Lair:4   | Reached XP level 13. HP: 93/116 MP: 7/7
 16171 | Lair:4   | Got a bloodstained plate armour
 16191 | Lair:4   | Identified the +6 plate armour of the Sunfish {rCorr Stlth+} (You found it on level 4 of the Lair of Beasts)
 16917 | Lair:4   | Identified a scroll of acquirement
 16920 | Lair:4   | Got a shimmering cloak
 16926 | Lair:4   | Identified the +0 cloak of Subjectivity {Regen+ Str+4} (You acquired it on level 4 of the Lair of Beasts)
 18089 | Lair:6   | Found a staircase to the Slime Pits.
 18098 | Lair:6   | Noticed Rupert
 18117 | Lair:6   | Killed Rupert
 18191 | Lair:6   | Found a frozen archway.
 18194 | Lair:6   | Found a staircase to the Swamp.
 18200 | IceCv    | Entered an ice cave
 18211 | IceCv    | Received a gift from Okawaru
 18215 | IceCv    | Got a blackened cloak {god gift}
 18226 | IceCv    | Identified the +1 cloak of the Four Places {+Blink Str+6 Int-2 SInv} (Okawaru gifted it to you in an ice cave)
 18241 | IceCv    | Reached skill level 15 in Shields
 18552 | IceCv    | Noticed a frost giant
 18583 | IceCv    | Killed a frost giant
 18752 | IceCv    | Got an ichor-stained great mace
 18759 | IceCv    | Got a scorched great mace
 18998 | Lair:6   | Identified the +3 great mace "Cryimoc" {freeze, -Tele rF+ Dex+2} (You found it in an ice cave)
 18999 | Lair:6   | Identified the +7 great mace of Gravity {venom, rC++} (You found it in an ice cave)
 19097 | Lair:6   | Received a gift from Okawaru
 19126 | Lair:6   | Got a crystal falchion {god gift}
 19130 | Lair:6   | Identified the +10 falchion of Tartarus {slice, rF- Str+4 Dex+4} (Okawaru gifted it to you on level 6 of the Lair of Beasts)
 19144 | Lair:6   | Gained mutation: Your natural rate of healing is unusually fast. [potion of beneficial mutation]
 19265 | Lair:6   | Got a slimy hand axe
 19420 | Lair:6   | Reached XP level 14. HP: 117/127 MP: 8/8
 20460 | Temple   | Identified the +11 hand axe "Jimmy" {flame, Dex+4} (You found it on level 6 of the Lair of Beasts)
 20847 | D:12     | Received a gift from Okawaru
 20870 | D:12     | Got a faintly glowing cloak {god gift}
 20887 | D:12     | Identified the +5 cloak of Epafikh {MP+9 Dex+2} (Okawaru gifted it to you on level 12 of the Dungeon)
 20932 | D:12     | Reached skill level 16 in Shields
 21030 | D:12     | Found a stormy altar of Qazlal.
 21222 | D:12     | Reached skill level 15 in Long Blades
 21235 | D:12     | Got a pitted ring mail
 21246 | D:12     | Identified the +0 ring mail of the Good {Regen+ rCorr Str+4} (You found it on level 12 of the Dungeon)
 22035 | D:13     | Received a gift from Okawaru
 22038 | D:13     | Got a blackened demon blade {god gift}
 22039 | D:13     | Identified the +4 demon blade "Nipiem" {flame, rF+} (Okawaru gifted it to you on level 13 of the Dungeon)
 22242 | D:13     | Found a gate to the Vaults.
 22444 | D:13     | Received a gift from Okawaru
 22986 | D:14     | Noticed Nessos
 23004 | D:14     | Killed Nessos
 23223 | D:14     | Reached skill level 17 in Shields
 23415 | D:14     | Found a sacrificial altar of Ru.
 23492 | D:15     | Entered Level 15 of the Dungeon
 23494 | D:15     | Received a gift from Okawaru
 23506 | D:15     | Reached XP level 15. HP: 134/136 MP: 9/9
 23619 | D:15     | Found Ocoggumy's Magic Scroll Shoppe.
 23716 | D:15     | Received a gift from Okawaru
 23904 | D:15     | Found a staircase to the Depths.
 24454 | Orc:1    | Entered Level 1 of the Orcish Mines
 24596 | Orc:1    | Found a glowing silver altar of Zin.
 24779 | Orc:1    | Found a roughly hewn altar of Beogh.
 24823 | Orc:2    | Found Effad's Antique Weapon Shoppe.
 24823 | Orc:2    | Found Broumisma's Book Emporium.
 24907 | Orc:2    | Found Toc Sefu's Armour Emporium.
 24993 | Orc:2    | Found Faziden's Jewellery Boutique.
 25619 | Orc:4    | Entered Level 4 of the Orcish Mines
 25627 | Orc:4    | Found a flickering gateway to a bazaar.
 25661 | Orc:4    | Found Udaup's Book Shoppe.
 25665 | Bazaar   | Entered a bazaar
 25669 | Bazaar   | Found Diasos' Book Boutique.
 25702 | Bazaar   | Found Twicsem's Magic Scroll Shoppe.
 25719 | Bazaar   | Found Ynerury's Book Boutique.
 25736 | Bazaar   | Found Xeduror's Antique Weapon Emporium.
 25799 | Orc:4    | Found a staircase to the Elven Halls.
 26088 | Orc:4    | Found a roughly hewn altar of Beogh.
 26263 | Orc:4    | Received a gift from Okawaru
 26506 | Orc:4    | Found Maergha's Antique Armour Boutique.
 26506 | Orc:4    | Found Nebodudd's Weapon Shoppe.
 26519 | Orc:4    | Found Twoyrram's Antique Armour Boutique.
 26519 | Orc:4    | Found Saukhla's Jewellery Shoppe.
 26532 | Orc:4    | Bought the ring of Focaej {rElec rN+ EV+1 Str+2} for 406 gold pieces
 28087 | Lair:8   | Entered Level 8 of the Lair of Beasts
 28180 | Lair:8   | Noticed Erica
 28185 | Lair:8   | Killed Erica
 28212 | Lair:8   | Reached skill level 18 in Shields
 28394 | Lair:8   | Received a gift from Okawaru
 28559 | Lair:8   | Reached skill level 15 in Armour
 29178 | Lair:8   | Reached XP level 16. HP: 144/147 MP: 10/10
 29200 | Lair:8   | Found a burning altar of Makhleb.
 29224 | Lair:8   | Received a gift from Okawaru
 29301 | Lair:8   | Found a gateway to Hell.
 29993 | Orc:2    | Found Cehaostra's Assorted Antiques.
 30244 | Orc:2    | Bought a +3 plate armour of poison resistance for 630 gold pieces
 30596 | Swamp:1  | Entered Level 1 of the Swamp
 30624 | Swamp:1  | Noticed nivlat's ghost (mighty OpMo)
 30653 | Swamp:1  | Killed nivlat's ghost
 30843 | Swamp:1  | Gained mutation: You possess an exceptional clarity of mind. [potion of beneficial mutation]
 31459 | Swamp:2  | Reached skill level 15 in Fighting
 31879 | Swamp:2  | Received a gift from Okawaru
 32010 | Swamp:3  | Noticed Aizul
 32033 | Swamp:3  | Killed Aizul
 32046 | Swamp:3  | Reached skill level 19 in Shields
 32493 | Swamp:3  | Noticed Donald
 32512 | Swamp:3  | Killed Donald
 32561 | Swamp:3  | Noticed Agnes
 32572 | Swamp:3  | Killed Agnes
 32778 | Swamp:3  | Got a polished ring mail
 32789 | Swamp:3  | Identified the +1 ring mail "Zefoerox" {+Blink rCorr} (You found it on level 3 of the Swamp)
 32856 | Swamp:4  | Found an opulent altar of Gozag.
 33660 | Swamp:5  | Entered Level 5 of the Swamp
 33855 | Swamp:5  | Received a gift from Okawaru
 33974 | Swamp:5  | Reached XP level 17. HP: 126/156 MP: 10/10
 33981 | Swamp:5  | Noticed the 27-headed Lernaean hydra
 34005 | Swamp:5  | Killed the 19-headed Lernaean hydra
 34397 | Swamp:5  | Got a decaying rune of Zot
 35854 | Spider:1 | Entered Level 1 of the Spider Nest
 37101 | Spider:2 | Received a gift from Okawaru
 37112 | Spider:2 | Got a slimy chain mail {god gift}
 37126 | Spider:2 | Identified the +6 chain mail of Vuonumm {-Cast Regen+ Str+7 SInv} (Okawaru gifted it to you on level 2 of the Spider Nest)
 37433 | Spider:2 | Reached skill level 20 in Shields
 38932 | Spider:4 | Got an ebony falchion
 38940 | Spider:4 | Identified the +5 falchion of Focus {flame, -Tele rF+ rC+ Str+7 Dex+3} (You found it on level 4 of the Spider Nest)
 39063 | Spider:4 | Received a gift from Okawaru
 39374 | Spider:5 | Entered Level 5 of the Spider Nest
 39544 | Spider:5 | Noticed Nikola
 39559 | Spider:5 | Killed Nikola
 39986 | Spider:5 | Received a gift from Okawaru
 40013 | Spider:5 | Reached XP level 18. HP: 168/168 MP: 11/11
 40627 | Spider:5 | Received a gift from Okawaru
 40787 | Spider:5 | Got a gossamer rune of Zot
 41209 | Elf:1    | Entered Level 1 of the Elven Halls
 41265 | Orc:2    | Bought a glowing demon blade for 465 gold pieces
 41941 | Elf:1    | Found Qiemir's Antique Armour Shoppe.
 41962 | Elf:1    | Found Ulaal's Antique Armour Shop.
 42282 | Elf:1    | Found Deezevv Mesh's General Store.
 42295 | Elf:1    | Reached skill level 21 in Shields
 42323 | Elf:1    | Received a gift from Okawaru
 42342 | Elf:1    | Got an ancient scimitar {god gift}
 42343 | Elf:1    | Identified the +11 scimitar "Threpp Smept" {slice, *Rage rN+ Str+3 Dex+2} (Okawaru gifted it to you on level 1 of the Elven Halls)
 42459 | Elf:1    | Found Mamalu's Antique Weapon Emporium.
 42943 | Elf:2    | Noticed Jorgrun
 42959 | Elf:2    | Killed Jorgrun
 43614 | D:11     | You paid a toll of 15 potions of curing to enter a treasure trove
 43615 | Trove    | Entered a treasure trove
 43681 | Trove    | Got a pair of faintly humming boots
 43728 | Trove    | Got a warped shield
 43738 | Trove    | Got a faintly glowing copper ring
 43758 | Trove    | Got a shimmering falchion
 43778 | Trove    | Got a ring of the Octopus King
 43785 | Trove    | Identified the +3 falchion of Cuggap {holy, Noisy rElec Str+3} (You found it in a treasure trove)
 43807 | Trove    | Identified the cursed -5 pair of boots of Vanity {rPois rF+ rC+} (You found it in a treasure trove)
 43817 | Trove    | Identified the cursed -1 shield "Ydeselel" {Int+4} (You found it in a treasure trove)
 43818 | Trove    | Identified the ring "Biris" {rF+ Dex+4} (You found it in a treasure trove)
 43826 | Trove    | Identified a ring of the Octopus King {SustAb AC+1 EV+1 Str+1 Int+1 Dex+1} (You found it in a treasure trove)
 44437 | Elf:3    | Entered Level 3 of the Elven Halls
 44480 | Elf:3    | Found a magical portal.
 44490 | WizLab   | Entered Zonguldrok's Shrine
 44752 | WizLab   | Received a gift from Okawaru
 44906 | WizLab   | Noticed an antique lich
 44921 | WizLab   | Killed an antique lich
 45289 | Elf:3    | Received a gift from Okawaru
 45397 | Elf:3    | Reached XP level 19. HP: 129/177 MP: 12/12
 45571 | Elf:3    | Got a faintly glowing scimitar
 45577 | Elf:3    | Identified the +9 scimitar "Esietipa" {freeze, Noisy +Rage rN+ Str+4 Int+2} (You took it off a deep elf demonologist on level 3 of the Elven Halls)
 45795 | Elf:3    | Got a polished demon blade
 45807 | Elf:3    | Lost intelligence.
 45807 | Elf:3    | Identified the cursed +1 demon blade of Qoazekeo {pain, rPois rF+ rN+ Int-4 Dex-4} (You took it off a deep elf demonologist on level 3 of the Elven Halls)
 45867 | Elf:3    | Cast into the Abyss (a deep elf sorcerer)
 45946 | Abyss:1  | Gained mutation: Scrolls take you a little longer to read. [a neqoxec]
 46070 | Abyss:1  | Noticed a profane servitor
 46083 | Abyss:1  | Killed a profane servitor
 46212 | Abyss:1  | Noticed a bone dragon
 46229 | Abyss:1  | Killed a bone dragon
 46229 | Abyss:1  | Received a gift from Okawaru
 46238 | Abyss:1  | Reached skill level 22 in Long Blades
 46839 | Abyss:1  | Found a corrupted altar of Lugonu.
 47098 | Abyss:2  | Reached skill level 1 in Evocations
 47137 | Abyss:2  | Received a gift from Okawaru
 47281 | Abyss:4  | Got an abyssal rune of Zot
 47448 | Abyss:4  | Noticed a bone dragon
 47460 | Abyss:4  | Noticed a bone dragon
 47472 | Abyss:4  | Killed a bone dragon
 47507 | Abyss:4  | Killed a bone dragon
 47650 | Elf:3    | Escaped the Abyss
 47653 | Elf:3    | Received a gift from Okawaru
 47659 | Elf:3    | Reached XP level 20. HP: 116/189 MP: 12/12
 48092 | Elf:3    | Identified the Compendium of Dislocation
 48228 | Elf:3    | Reached skill level 23 in Long Blades
 48232 | Elf:3    | Got a slimy plate armour
 48252 | Elf:3    | Identified the +10 plate armour of Dim Light {rCorr Str+3 Int-2} (You took it off a deep elf blademaster on level 3 of the Elven Halls)
 48267 | Elf:3    | Got a scorched broad axe
 48268 | Elf:3    | Identified the cursed +1 broad axe "Thrixt" {freeze, rElec rC- rN+ Dex+2 SInv} (You took it off a deep elf sorcerer on level 3 of the Elven Halls)
 48576 | Elf:3    | Received a gift from Okawaru
 48713 | Elf:3    | Got a dazzling falchion
 48716 | Elf:3    | Lost intelligence.
 48716 | Elf:3    | Identified the +5 falchion of Qyr Thut {venom, +Fly rF+ rC+ Int-2 SInv} (You found it on level 3 of the Elven Halls)
 48722 | Elf:3    | Got a transparent flail
 48723 | Elf:3    | Identified the cursed +2 flail of Growth {speed, rN+ MP+9 Str+4} (You found it on level 3 of the Elven Halls)
 48855 | Elf:2    | Found a huge runed gate.
 48856 | Elf:2    | Found a huge runed gate.
 48856 | Elf:2    | Found a huge runed gate.
 48907 | Elf:2    | Received a gift from Okawaru
 49893 | Elf:3    | Got a slimy hunting sling
 49937 | Elf:3    | Got a faintly glowing greatsling
 51332 | Slime:1  | Entered Level 1 of the Pits of Slime
 51413 | Slime:1  | Lost intelligence.
 51413 | Slime:1  | Gained mutation: You are dopey. (Int -2) [a shining eye]
 51417 | Slime:1  | Gained mutation: You expend magic power (3 MP) to slightly strengthen your wands. [a shining eye]
 51418 | Slime:1  | Gained mutation: Scrolls take you longer to read. [a shining eye]
 51555 | Slime:1  | Gained mutation: You expend magic power (6 MP) to strengthen your wands. [a shining eye]
 52773 | Temple   | Identified the +8 greatsling of the Pits of Slime {flame, Str+10 Int-2 Dex-5 Stlth+} (You found it on level 3 of the Elven Halls)
 52776 | Temple   | Identified the cursed +3 hunting sling "Qalixt" {freeze, MP+9 Dex+4} (You found it on level 3 of the Elven Halls)
 52828 | Temple   | Lost mutation: You expend magic power (6 MP) to strengthen your wands. [potion of cure mutation]
 52828 | Temple   | Lost mutation: You are dopey. (Int -2) [potion of cure mutation]
 52828 | Temple   | Lost mutation: Scrolls take you longer to read. [potion of cure mutation]
 52828 | Temple   | Lost mutation: Scrolls take you a little longer to read. [potion of cure mutation]
 52828 | Temple   | Lost mutation: You expend magic power (3 MP) to slightly strengthen your wands. [potion of cure mutation]
 52828 | Temple   | Lost mutation: You possess an exceptional clarity of mind. [potion of cure mutation]
 53305 | Orc:4    | Bought an uncursed amulet of resist mutation for 640 gold pieces
 53727 | Slime:2  | Noticed Dissolution
 53739 | Slime:2  | Killed Dissolution
 54833 | Slime:4  | Paralysed by a great orb of eyes for 7 turns
 54946 | Slime:4  | Reached XP level 21. HP: 196/198 MP: 1/13
 54950 | Slime:4  | Reached skill level 24 in Long Blades
 55480 | Slime:5  | Received a gift from Okawaru
 55746 | Slime:5  | Paralysed by a great orb of eyes for 5 turns
 56064 | Slime:6  | Entered Level 6 of the Pits of Slime
 56424 | Slime:6  | Received a gift from Okawaru
 56668 | Slime:6  | Noticed the royal jelly
 56785 | Slime:6  | Paralysed by a great orb of eyes for 4 turns
 57076 | Slime:6  | Found a viscous altar of Jiyva.
 58612 | Slime:6  | Mangled by the royal jelly

Action                   |  1- 3 |  4- 6 |  7- 9 | 10-12 | 13-15 | 16-18 | 19-21 || total
-------------------------+-------+-------+-------+-------+-------+-------+-------++-------
Melee: Long sword        |    94 |   176 |   286 |   746 |   700 |       |       ||  2002
       Falchion          |       |       |   198 |       |   140 |       |   105 ||   443
       Scimitar          |       |       |    46 |   241 |       |   247 |   176 ||   710
       Demon blade       |       |       |       |       |   595 |   617 |       ||  1212
       Double sword      |       |       |       |       |   303 |   840 |  1239 ||  2382
       Unarmed           |       |       |       |       |       |     9 |     4 ||    13
Invok: Heroism           |       |       |       |     4 |     5 |     4 |     4 ||    17
       Finesse           |       |       |       |       |       |     1 |     2 ||     3
 Abil: Evoke Flight      |       |       |       |       |       |     1 |       ||     1
Evoke: Wand              |       |       |       |       |       |    15 |     5 ||    20
  Use: Scroll            |       |     7 |    10 |     9 |    22 |    17 |     8 ||    73
       Potion            |       |     1 |     1 |     8 |     1 |     5 |    19 ||    35
 Stab: Distracted        |       |       |       |       |       |       |     4 ||     4
  Eat: Chunk             |       |     7 |    14 |    19 |    34 |    33 |     7 ||   114
       Beef jerky        |       |       |       |     6 |       |     5 |     1 ||    12
       Pizza             |       |       |       |     1 |     1 |     4 |       ||     6
       Royal jelly       |       |       |       |       |     2 |       |       ||     2
       Fruit             |       |       |       |       |     5 |     7 |    39 ||    51
       Meat ration       |       |       |       |       |       |       |     2 ||     2
